AoeStats
← Pielover757

Fortress

510081995Analyzed
2v2 RM · 3d ago on Sep 29, 2026· 34m 41s· 4 players
Game mode
Random Map
Map size
Normal (6 player)
Population
200
Speed
Normal
Resources
Standard
Victory
Conquest
Starting age
Dark Age
Ending age
Imperial Age
RankedLock teamsTeams togetherTeam positionsShared explorationLock speedFull tech treeHidden civsTurbo modeCheats
Victory
Defeat
🇨🇳 Mongols · China
1760
+9
🇿🇦 Hindustanis · South Africa
1621
+14
🇫🇷 Vikings · France
1631
-13
🇫🇷 Teutons · France
1544
-10
Pielover757
7:00 Feudal Age
11:14 Castle Age
9:32 Double-Bit Axe
10:12 Horse Collar
15:16 Loom
18:31 Wheelbarrow
17:41 Town Watch
19:32 Gold Mining
19:33 Stone Mining
20:13 Bow Saw
21:06 Hand Cart
25:34 Imperial Age
23:34 Padded Archer Armor
23:24 Fletching
25:16 Leather Archer Armor
24:57 Bodkin Arrow
25:28 Heavy Plow
27:19 Chemistry
26:39 Shatagni
27:35 Masonry
27:53 Conscription
27:57 Light Cavalry
28:47 Scale Barding Armor
28:52 Forging
32:09 Chain Barding Armor
32:35 Bloodlines
33:27 Hussar
34:07 Husbandry
35:35 Iron Casting
35:36 Plate Barding Armor
YYQ
6:38 Feudal Age
10:32 Castle Age
8:38 Double-Bit Axe
8:42 Horse Collar
12:16 Bow Saw
18:27 Wheelbarrow
18:56 Heavy Plow
21:22 Gold Mining
24:36 Imperial Age
21:53 Town Watch
21:55 Loom
22:02 Stone Mining
22:15 Fletching
22:59 Hand Cart
23:02 Bodkin Arrow
23:51 Gold Shaft Mining
23:42 Bloodlines
23:32 Husbandry
23:52 Padded Archer Armor
24:23 Ballistics
24:43 Thumb Ring
25:09 Elite Mangudai
26:01 Bracer
26:28 Conscription
25:55 Capped Ram
27:47 Chemistry
27:59 Parthian Tactics
27:51 Leather Archer Armor
28:19 Scale Barding Armor
28:24 Forging
29:02 Siege Ram
31:08 Iron Casting
30:53 Chain Barding Armor
29:54 Light Cavalry
30:56 Hussar
32:17 Siege Engineers
33:36 Blast Furnace
33:40 Drill
33:56 Coinage
Don JaMaL
5:37 Loom
7:22 Feudal Age
9:04 Double-Bit Axe
11:33 Castle Age
9:29 Horse Collar
17:36 Wheelbarrow
17:47 Bow Saw
17:53 Heavy Plow
19:10 Town Watch
21:50 Gold Mining
21:52 Stone Mining
22:05 Scale Mail Armor
22:16 Forging
21:56 Fletching
22:07 Padded Archer Armor
25:25 Imperial Age
23:50 Chain Mail Armor
23:15 Elite Skirmisher
24:48 Hand Cart
25:20 Stone Shaft Mining
26:33 Bodkin Arrow
26:54 Leather Archer Armor
29:03 Chemistry
28:23 Ballistics
28:39 Careening
29:07 Ring Archer Armor
29:41 Two-Man Saw
31:16 Plate Mail Armor
31:52 Pikeman
32:33 Squires
32:18 Arson
32:35 Halberdier
33:54 Iron Casting
[FrCo] ClemoL
6:26 Feudal Age
6:53 Double-Bit Axe
6:49 Horse Collar
12:46 Castle Age
13:47 Bow Saw
14:44 Heavy Plow
17:37 Town Watch
17:42 Loom
19:49 Gold Mining
20:18 Stone Mining
21:59 Gold Shaft Mining
24:43 Imperial Age
22:18 Scale Mail Armor
23:37 Forging
24:05 Chain Mail Armor
23:52 Squires
23:38 Arson
25:16 Iron Casting
26:02 Plate Mail Armor
25:08 Elite Berserk
26:09 Conscription
27:14 Hoardings
28:10 Blast Furnace
27:40 Masonry
27:26 Capped Ram
28:56 Coinage
28:34 Siege Ram
29:12 Fletching
31:55 Chieftains
32:04 Bodkin Arrow
32:31 Ballistics
32:42 Architecture
33:13 Chemistry
Connection lost

Rejoining the realm…

Still unreachable

The connection could not be restored.

Session expired

The server has moved on; the page needs a fresh start.